[Event "Team 45 45 League T41"]
[Site "Internet Chess Club"]
[Date "2009.05.03"]
[Round "1"]
[White "mugurelt"]
[Black "VietLion"]
[Result "1-0"]
[WhiteElo "1749"]
[BlackElo "1919"]
[Opening "English, 1...Nf6 (Anglo-Indian defense)"]
[ECO "A15"]
[Time "16:12:49"]
[TimeControl "2700+45"]

1. c4 Nf6 2. g3 c5 3. Bg2 Nc6 4. Nf3 g6 5. d3 Bg7 6. Nc3 e6 7. O-O d5 8. cxd5
exd5 9. Qb3 O-O 10. Bg5 d4 11. Ne4 b6 12. Ne5 Nxe5 13. Nxf6+ Bxf6 14. Bxf6 Qxf6
15. Bxa8 Be6 16. Bd5 Qf5 17. Bxe6 fxe6 18. f3 c4 19. Qd1 cxd3 20. exd3 g5 21. f4
gxf4 22. Rxf4 Qxd3 23. Qxd3 Nxd3 24. Rxd4 Nc5 25. Rg4+ Kh8 26. Rd1 Re8 27. a3
Na4 28. Rxa4 {Black resigns} 1-0

[Event "Team 45 45 League T41"]
[Site "Internet Chess Club"]
[Date "2009.05.01"]
[Round "1"]
[White "chess9793"]
[Black "RD1974"]
[Result "1-0"]
[WhiteElo "1909"]
[BlackElo "1657"]
[Opening "Scandinavian: Pytel-Wade variation"]
[ECO "B01"]
[Time "18:02:21"]
[TimeControl "2700+45"]

1. e4 d5 2. exd5 Qxd5 3. Nc3 Qd6 4. Nf3 Nf6 5. d4 a6 6. Ne5 c5 7. Nc4 Qxd4 8.
Qxd4 cxd4 9. Nb6 Ra7 10. Nxc8 dxc3 11. Nxa7 cxb2 12. Bxb2 Nfd7 13. O-O-O e5 14.
Nc8 Bc5 15. Nd6+ Ke7 16. Ne4 Ba7 17. Ba3+ Ke6 18. Bc4+ Kf5 19. Nd6+ Kf6 20. Nxb7
Rc8 21. Bxa6 Bd4 22. Nd6 Rc6 23. Ne4+ Kf5 24. Bd3 h6 25. Bb2 Bb6 26. Nc5+ Kf6
27. Nxd7+ Nxd7 28. Bb5 {Black resigns} 1-0

[Event "Team 45 45 League T41"]
[Site "Internet Chess Club"]
[Date "2009.05.02"]
[Round "1"]
[White "Invicta-Knight"]
[Black "Jasher"]
[Result "0-1"]
[WhiteElo "1593"]
[BlackElo "1490"]
[Opening "Caro-Kann defense"]
[ECO "B15"]
[Time "15:06:00"]
[TimeControl "2700+45"]

1. e4 c6 2. d4 d5 3. Nc3 Bd7 4. Nf3 Nf6 5. e5 Ng8 6. Be2 Bf5 7. h3 e6 8. g4 Bg6
9. Bd3 Ne7 10. Nh4 Qb6 11. Nxg6 hxg6 12. Be2 Nd7 13. Qd2 c5 14. Na4 Qc7 15. Bb5
cxd4 16. Bxd7+ Qxd7 17. Qxd4 b5 18. Nc5 Qc7 19. Qc3 Nc6 20. Nb3 Bb4 {White
resigns} 0-1

[Event "Team 45 45 League T41"]
[Site "Internet Chess Club"]
[Date "2009.05.05"]
[Round "1"]
[White "slipkid"]
[Black "john-beebs"]
[Result "0-1"]
[WhiteElo "1461"]
[BlackElo "1481"]
[Opening "Scotch gambit"]
[ECO "C44"]
[Time "14:00:25"]
[TimeControl "2700+45"]

1. e4 e5 2. Nf3 Nc6 3. d4 exd4 4. Bc4 Bc5 5. c3 dxc3 6. Nxc3 d6 7. O-O Bg4 8.
Bxf7+ Kd7 9. h3 Qf6 10. Bxg8 Bxf3 11. Qxf3 Qxf3 12. gxf3 Rhxg8 13. Bf4 Nd4 14.
Kg2 Raf8 15. Kg3 g5 16. Be3 h5 17. Bxd4 Bxd4 18. Rad1 Be5+ 19. Kg2 g4 20. Rd3
gxf3+ 21. Kh1 Rg2 22. Rg1 Rh2# {White checkmated} 0-1

[Event "Team 45 45 League T41"]
[Site "Internet Chess Club"]
[Date "2009.05.02"]
[Round "1"]
[White "fuzzface"]
[Black "JimGaming"]
[Result "1-0"]
[WhiteElo "1331"]
[BlackElo "1348"]
[Opening "Giuoco Piano"]
[ECO "C50"]
[Time "14:04:48"]
[TimeControl "2700+45"]

1. e4 e5 2. Nf3 Nc6 3. Bc4 Bc5 4. O-O Nf6 5. d3 d6 6. Ng5 O-O 7. h3 Na5 8. Bxf7+
Rxf7 9. Nxf7 Kxf7 10. Be3 Bb6 11. Bxb6 axb6 12. f4 Nc6 13. Nc3 Kg8 14. Nd5 Nxd5
15. exd5 Nd4 16. fxe5 dxe5 17. Qh5 Nxc2 18. Qf7+ Kh8 19. Qf8+ {Black resigns}
1-0

[Event "Team 45 45 League T41"]
[Site "Internet Chess Club"]
[Date "2009.05.02"]
[Round "1"]
[White "MeansToAnEnd"]
[Black "MateIn42"]
[Result "0-1"]
[WhiteElo "1114"]
[BlackElo "1461"]
[Opening "Two knights defense (Modern bishop's opening)"]
[ECO "C55"]
[Time "10:07:15"]
[TimeControl "2700+45"]

1. e4 e5 2. Nf3 Nc6 3. Bc4 Nf6 4. d3 d5 5. exd5 Nxd5 6. O-O Be7 7. Re1 Bg4 8. h3
Bxf3 9. Qxf3 O-O 10. Bxd5 Nd4 11. Bxf7+ Rxf7 12. Qd1 Qd6 13. c3 Nc6 14. Be3 Rd8
15. Na3 Qxd3 16. Qxd3 Rxd3 17. Red1 e4 18. Rxd3 exd3 19. Rd1 Bxa3 20. bxa3 Rd7
21. Kf1 a6 22. a4 Kf7 23. Ke1 Ke6 24. Kd2 Ne5 25. Bd4 b6 26. Re1 Rd5 27. Rxe5+
Rxe5 28. Bxe5 Kxe5 29. Kxd3 Kd5 30. f4 c5 31. c4+ Ke6 32. g4 g6 33. Ke4 b5 34.
f5+ gxf5+ 35. gxf5+ Kf6 36. axb5 axb5 37. cxb5 c4 38. b6 c3 39. b7 c2 40. b8=Q
c1=Q 41. Qe5+ Kg5 42. Qe7+ Kh6 43. Qf6+ Kh5 44. Qf7+ Kh6 45. Qe6+ Kg5 46. h4+
Kxh4 47. Qf6+ Kh5 48. Qf7+ Kh6 49. Qf8+ Kh5 50. Qe8+ Kh6 51. Qg8 Qc2+ 52. Ke5
Qc3+ 53. Kf4 Qc1+ 54. Ke5 Qe3+ 55. Kf6 Qd4+ 56. Kf7 Qd5+ 57. Kf8 Qxf5+ 58. Qf7
Qc8+ 59. Qe8 Qc5+ 60. Qe7 Qf5+ 61. Qf7 Kg5 62. Kg8 Qxf7+ 63. Kxf7 h5 64. a4 h4
65. a5 h3 66. a6 h2 67. a7 h1=Q 68. a8=Q Qxa8 {White resigns} 0-1

[Event "Team 45 45 League T41"]
[Site "Internet Chess Club"]
[Date "2009.05.03"]
[Round "1"]
[White "rookmaster23"]
[Black "Emrebey"]
[Result "0-1"]
[WhiteElo "1336"]
[BlackElo "1702"]
[Opening "QGD Slav: exchange variation"]
[ECO "D13"]
[Time "15:10:13"]
[TimeControl "2700+45"]

1. d4 d5 2. c4 c6 3. cxd5 cxd5 4. Nf3 Nf6 5. Bf4 Nc6 6. e3 Bf5 7. Bb5 Ne4 8. Ne5
Qa5+ 9. Nc3 Nxc3 10. bxc3 Qxb5 11. g4 Nxe5 12. dxe5 Bg6 13. h4 h5 14. a4 Qd3 15.
gxh5 Qxd1+ 16. Rxd1 Be4 17. Rh3 e6 18. f3 Bf5 19. Rh2 Rxh5 20. Rd4 Rc8 21. e4
dxe4 22. fxe4 Bg6 23. Bg5 Be7 24. Bxe7 Kxe7 25. Rhd2 Rc7 26. c4 Rxh4 {White
resigns} 0-1

[Event "Team 45 45 League T41"]
[Site "Internet Chess Club"]
[Date "2009.05.05"]
[Round "1"]
[White "havertown"]
[Black "Prop"]
[Result "0-1"]
[WhiteElo "1316"]
[BlackElo "1407"]
[Opening "French defense, Steiner variation"]
[ECO "A13"]
[Time "20:02:11"]
[TimeControl "2700+45"]

1. c4 e6 2. e4 d5 3. exd5 exd5 4. Nf3 Nf6 5. d4 Bb4+ 6. Bd2 Qe7+ 7. Qe2 O-O 8.
Qxe7 Bxe7 9. a3 Re8 10. Ne5 c5 11. Be3 Nc6 12. Nxc6 bxc6 13. Be2 Ng4 14. O-O
Nxe3 15. fxe3 Bf6 16. cxd5 Rxe3 17. Bf3 Ba6 18. Rd1 Bxd4 19. Nc3 Re1# {White
checkmated} 0-1

[Event "Team 45 45 League T41"]
[Site "Internet Chess Club"]
[Date "2009.05.03"]
[Round "1"]
[White "PawnSensei"]
[Black "Visin"]
[Result "1-0"]
[WhiteElo "1385"]
[BlackElo "1303"]
[Opening "Giuoco Piano: LaBourdonnais variation"]
[ECO "C53"]
[Time "13:42:50"]
[TimeControl "2700+45"]

1. e4 e5 2. Nf3 Nc6 3. Bc4 Bc5 4. c3 d6 5. d4 exd4 6. cxd4 Bb6 7. Nc3 Nge7 8.
Be3 Bg4 9. Bxf7+ Kxf7 10. Ng5+ Ke8 11. Qxg4 Qd7 12. Qxd7+ Kxd7 13. O-O-O Raf8
14. Rhf1 h6 15. Nh3 g5 16. g3 Rf7 17. f4 g4 18. Nf2 h5 19. h3 gxh3 20. Nxh3 Rg7
21. Ng5 Nd8 22. Rh1 Nf7 23. Nxf7 Rxf7 24. g4 h4 25. Rh3 c5 26. dxc5 Ba5 27. cxd6
Nc6 28. e5 Rg7 29. g5 Bxc3 30. bxc3 Ke6 31. Bd4 Nxd4 32. Rxd4 Rf7 33. d7 Rd8 34.
Rxh4 Rdxd7 35. Rxd7 Rxd7 36. g6 Rg7 37. Rg4 Kf5 38. Rg2 Kxf4 39. e6 Kf5 40. e7
Rxe7 41. g7 Re8 42. g8=Q Rxg8 43. Rxg8 {Black resigns} 1-0

[Event "Team 45 45 League T41"]
[Site "Internet Chess Club"]
[Date "2009.05.03"]
[Round "1"]
[White "otib2006"]
[Black "WzeroMN"]
[Result "1-0"]
[WhiteElo "1309"]
[BlackElo "1221"]
[Opening "Two knights defense"]
[ECO "C55"]
[Time "09:03:17"]
[TimeControl "2700+45"]

1. e4 e5 2. Nf3 Nc6 3. Bc4 Nf6 4. O-O Nxe4 5. d4 d5 6. Bd3 Bg4 7. h3 Bxf3 8.
Qxf3 Nxd4 9. Qe3 Bc5 10. Bxe4 Nxc2 11. Qxc5 dxe4 12. Qxc2 {Black resigns} 1-0

[Event "Team 45 45 League T41"]
[Site "Internet Chess Club"]
[Date "2009.05.02"]
[Round "1"]
[White "Giacometti"]
[Black "grunts"]
[Result "1-0"]
[WhiteElo "1748"]
[BlackElo "1759"]
[Opening "Bird's opening"]
[ECO "A03"]
[Time "10:12:16"]
[TimeControl "2700+45"]

1. f4 d5 2. Nf3 Nf6 3. e3 g6 4. Bb5+ c6 5. Be2 Bg7 6. Nc3 O-O 7. d3 Bg4 8. O-O
Bxf3 9. Bxf3 d4 10. Ne4 dxe3 11. Bxe3 Nd5 12. Bc1 e6 13. Rb1 h6 14. Qe1 Qc7 15.
Nc3 Qb6+ 16. Kh1 Bxc3 17. bxc3 Qxb1 18. c4 Nf6 19. Qh4 Kg7 20. Rd1 Qxc2 21. f5
g5 22. Bxg5 Ng8 23. f6+ Kh8 24. Bxh6 Nxh6 25. Qxh6+ Kg8 26. Qg7# {Black
checkmated} 1-0

[Event "Team 45 45 League T41"]
[Site "Internet Chess Club"]
[Date "2009.05.03"]
[Round "1"]
[White "yellowpebble"]
[Black "musk6868"]
[Result "0-1"]
[WhiteElo "1490"]
[BlackElo "1778"]
[Opening "Ruy Lopez: Steinitz defense deferred (Russian defense)"]
[ECO "C79"]
[Time "08:13:42"]
[TimeControl "2700+45"]

1. e4 e5 2. Nf3 Nc6 3. Bb5 a6 4. Ba4 Nf6 5. O-O d6 6. Re1 b5 7. Bb3 Na5 8. d4
Nxb3 9. axb3 exd4 10. Nxd4 Be7 11. Nxb5 Bg4 12. f3 axb5 13. Rxa8 Qxa8 14. fxg4
O-O 15. Nc3 Nd7 16. Nxb5 Ne5 17. Nc3 Rb8 18. Bf4 Ng6 19. Bg3 Bf6 20. Qd2 Qa5 21.
Qd5 Bxc3 22. bxc3 Qxc3 23. Qd1 Rb5 24. h4 Qxg3 {White resigns} 0-1

[Event "Team 45 45 League T41"]
[Site "Internet Chess Club"]
[Date "2009.05.03"]
[Round "1"]
[White "ticopatzer"]
[Black "badmove"]
[Result "0-1"]
[WhiteElo "1536"]
[BlackElo "1560"]
[Opening "Ruy Lopez: Exchange variation doubly deferred (DERLD)"]
[ECO "C85"]
[Time "16:00:09"]
[TimeControl "2700+45"]

1. e4 e5 2. Nf3 Nc6 3. Bb5 a6 4. Ba4 Nf6 5. O-O Be7 6. Bxc6 dxc6 7. Re1 c5 8.
Nxe5 O-O 9. d3 Bd6 10. Nf3 Be7 11. Nc3 Bg4 12. h3 Be6 13. Bf4 Nh5 14. Bh2 Nf6
15. a3 h6 16. d4 cxd4 17. Nxd4 Bd7 18. Qf3 c5 19. Nf5 Bxf5 20. Qxf5 Qb6 21. Rab1
Rad8 22. Nd5 Nxd5 23. exd5 Bd6 24. Bxd6 Rxd6 25. c4 Rf6 26. Qd3 Qd8 27. Rbd1 Rg6
28. Qe3 Qg5 29. Qxg5 hxg5 30. d6 Re6 31. d7 Rd8 32. Rxe6 fxe6 33. Re1 Kf7 34.
Re5 Kf6 35. Rxc5 Rxd7 36. g4 e5 37. Rc8 Ke6 38. Rg8 Kf7 39. Rc8 Ke6 40. Re8+ Re7
41. Rxe7+ Kxe7 42. Kg2 Kd6 43. Kf3 Kc5 44. Ke4 Kxc4 45. Kxe5 Kb3 46. Kf5 Kxb2
47. Kxg5 Kxa3 48. f4 b5 49. f5 b4 50. f6 gxf6+ 51. Kxf6 b3 52. g5 b2 53. g6 b1=Q
54. g7 Qb6+ 55. Kf7 Qc7+ 56. Kf6 Qd8+ 57. Kf7 Qd7+ 58. Kf8 Qf5+ 59. Kg8 Qxh3 60.
Kf8 Qf5+ 61. Kg8 Kb4 62. Kh8 Qf6 63. Kh7 Qf7 64. Kh8 a5 65. g8=Q Qxg8+ 66. Kxg8
a4 {White resigns} 0-1

[Event "Team 45 45 League T41"]
[Site "Internet Chess Club"]
[Date "2009.04.30"]
[Round "1"]
[White "Grenadier"]
[Black "vaknight"]
[Result "1/2-1/2"]
[WhiteElo "1645"]
[BlackElo "1668"]
[Opening "Four knights: Spanish variation"]
[ECO "C48"]
[Time "20:00:40"]
[TimeControl "2700+45"]

1. e4 e5 2. Nf3 Nf6 3. Nc3 Nc6 4. Bb5 d6 5. d4 Bd7 6. Bg5 Be7 7. Qd2 h6 8. Bxf6
Bxf6 9. dxe5 Nxe5 10. Bxd7+ Nxd7 11. O-O O-O 12. Rad1 Re8 13. Rfe1 Bxc3 14. Qxc3
Ne5 15. Nxe5 Rxe5 16. Rd5 Qe7 17. Rxe5 dxe5 18. Rd1 Rd8 19. Rxd8+ Qxd8 20. Qd3
Qxd3 21. cxd3 f6 22. Kf1 Kf7 23. Ke2 Ke6 24. Ke3 c5 25. h4 h5 26. Kf3 g6 27. g4
b5 28. gxh5 gxh5 29. Ke3 f5 30. f3 f4+ 31. Kd2 Kd6 32. Kc3 a5 33. a3 a4 34. b3
axb3 35. Kxb3 Kc6 36. Kc3 Kb6 37. Kb2 Ka5 38. Kb3 Kb6 39. Kc3 Ka5 40. Kb3 Kb6
{Game drawn by mutual agreement} 1/2-1/2

[Event "Team 45 45 League T41"]
[Site "Internet Chess Club"]
[Date "2009.05.02"]
[Round "1"]
[White "rayonline53"]
[Black "blitzisbest"]
[Result "0-1"]
[WhiteElo "1529"]
[BlackElo "1574"]
[Opening "Old Benoni defense"]
[ECO "A43"]
[Time "12:01:22"]
[TimeControl "2700+45"]

1. d4 c5 2. d5 d6 3. c4 e5 4. e4 Nf6 5. Nc3 Be7 6. Be2 O-O 7. Be3 Na6 8. Nf3 Bd7
9. Nd2 Rb8 10. O-O Nc7 11. f4 exf4 12. Bxf4 b5 13. e5 Nfe8 14. b3 Bg5 15. exd6
Bxf4 16. dxc7 Qxc7 17. Nf3 a6 18. Ne4 Bf5 19. Nf2 Nf6 20. Nd3 Bxd3 21. Bxd3 Ng4
22. Ng5 Be3+ 23. Rf2 Bxf2+ 24. Kf1 Ne3+ {White resigns} 0-1

[Event "Team 45 45 League T41"]
[Site "Internet Chess Club"]
[Date "2009.05.04"]
[Round "1"]
[White "GoIrish"]
[Black "Pawndemonium"]
[Result "1-0"]
[WhiteElo "1626"]
[BlackElo "1533"]
[Opening "Réti opening"]
[ECO "A04"]
[Time "21:00:12"]
[TimeControl "2700+45"]

1. Nf3 e6 2. g3 d5 3. Bg2 Bd6 4. O-O f5 5. d3 Nf6 6. Bg5 O-O 7. Nbd2 Bd7 8. Re1
h6 9. Bxf6 Qxf6 10. c3 Nc6 11. e4 Ne5 12. Nxe5 Bxe5 13. exd5 c6 14. dxc6 Bxc6
15. Bxc6 bxc6 16. Qe2 Bc7 17. Qxe6+ Kh8 18. Qxf6 Rxf6 19. Re7 Bd6 20. Rd7 Re8
21. Nc4 Bb8 22. Kf1 Rfe6 23. Ne3 f4 24. Nf5 fxg3 25. hxg3 Rf6 26. Nxg7 Rg8 27.
Nh5 Rf5 28. Nf4 h5 29. Re1 Be5 30. d4 Bf6 31. Re6 Rf8 32. Ng6+ {Black resigns}
1-0

[Event "Team 45 45 League T41"]
[Site "Internet Chess Club"]
[Date "2009.05.05"]
[Round "1"]
[White "SeniorCitizen"]
[Black "scar99"]
[Result "1/2-1/2"]
[WhiteElo "1376"]
[BlackElo "1589"]
[Opening "French: advance, Milner-Barry gambit"]
[ECO "C02"]
[Time "11:00:57"]
[TimeControl "2700+45"]

1. e4 e6 2. d4 d5 3. e5 c5 4. Nf3 Nc6 5. c3 Qb6 6. Bd3 Bd7 7. Bc2 cxd4 8. cxd4
Nh6 9. O-O Nf5 10. Bxf5 exf5 11. Nc3 Be6 12. b3 Be7 13. Bg5 Bxg5 14. Nxg5 Qxd4
15. Qxd4 Nxd4 16. Nf3 Nxf3+ 17. gxf3 d4 18. Nb5 Ke7 19. Nxd4 Rhd8 20. Nxe6 fxe6
21. Rfd1 Rxd1+ 22. Rxd1 f4 23. Rc1 Kd7 24. Kf1 Rc8 25. Rxc8 Kxc8 26. Ke2 Kd7 27.
Kd3 Kc6 28. Kd4 b6 29. Kc4 a6 30. a4 g6 31. h4 h6 32. b4 g5 {Game drawn by
mutual agreement} 1/2-1/2

[Event "Team 45 45 League T41"]
[Site "Internet Chess Club"]
[Date "2009.05.03"]
[Round "1"]
[White "Ianjo"]
[Black "SneakyRed"]
[Result "0-1"]
[WhiteElo "1829"]
[BlackElo "1982"]
[Opening "Caro-Kann: classical variation"]
[ECO "B18"]
[Time "11:02:16"]
[TimeControl "2700+45"]

1. e4 c6 2. d4 d5 3. Nd2 dxe4 4. Nxe4 Bf5 5. Ng3 Bg6 6. Bc4 e6 7. N1e2 Nf6 8.
Nf4 Bd6 9. O-O Qc7 10. Qf3 Bxf4 11. Bxf4 Qb6 12. Qb3 Nd5 13. Qxb6 axb6 14. Bxd5
cxd5 15. Rfc1 Nc6 16. Be3 b5 17. Ne2 Nb4 18. Nf4 Bf5 19. c3 Nc2 20. Rxc2 Bxc2
21. Ne2 Kd7 22. Rc1 Bd3 23. Nf4 Bf5 24. a3 h5 25. h4 g6 26. Ne2 Rhc8 27. Bd2 b4
28. cxb4 Rxc1+ 29. Nxc1 Kc6 30. f3 Kb5 31. Bc3 Kc4 32. b3+ {White resigns} 0-1

[Event "Team 45 45 League T41"]
[Site "Internet Chess Club"]
[Date "2009.05.02"]
[Round "1"]
[White "Rainbird"]
[Black "Frieloe"]
[Result "0-1"]
[WhiteElo "1782"]
[BlackElo "1884"]
[Opening "English: Anglo-Dutch defense"]
[ECO "A10"]
[Time "10:08:46"]
[TimeControl "2700+45"]

1. c4 f5 2. g3 Nf6 3. Bg2 g6 4. Nc3 Bg7 5. d3 d6 6. e4 e5 7. Nge2 O-O 8. O-O f4
9. gxf4 Nh5 10. f5 gxf5 11. exf5 c6 12. d4 Bxf5 13. d5 Bg4 14. Qd3 c5 15. Ne4
Na6 16. a3 Qe7 17. Ng5 Bf5 18. Be4 Nf4 19. Nxf4 Qxg5+ 20. Ng2 Bxe4 21. Qxe4 Qf5
22. f3 Rab8 23. Bd2 b5 24. b3 bxc4 25. bxc4 Rb3 26. Nh4 Qh5 27. Ra2 Nc7 28. Ba5
Rf4 29. Qc2 Rb7 30. Ng2 Rxf3 31. Rxf3 Qxf3 32. Bxc7 Rxc7 33. Qb1 Rf7 34. Qe1 e4
35. Rf2 Bd4 {White resigns} 0-1

[Event "Team 45 45 League T41"]
[Site "Internet Chess Club"]
[Date "2009.05.03"]
[Round "1"]
[White "LuxAeterna"]
[Black "azbycx"]
[Result "1/2-1/2"]
[WhiteElo "1797"]
[BlackElo "1827"]
[Opening "Sicilian: Nimzovich-Rubinstein variation"]
[ECO "B29"]
[Time "22:30:38"]
[TimeControl "2700+45"]

1. e4 c5 2. Nf3 Nf6 3. Nc3 d5 4. Bb5+ Nc6 5. exd5 Nxd5 6. Nxd5 Qxd5 7. d3 Bd7 8.
Bc4 Qh5 9. Be3 e6 10. Ng5 Qg6 11. h4 h5 12. Qf3 Be7 13. O-O-O O-O 14. d4 cxd4
15. Bd3 f5 16. Bf4 e5 17. Qd5+ Kh8 18. Qxd7 exf4 19. Ne6 Rf7 20. Nxf4 Qd6 21.
Qxd6 Bxd6 22. Nxh5 {Game drawn by mutual agreement} 1/2-1/2

[Event "Team 45 45 League T41"]
[Site "Internet Chess Club"]
[Date "2009.05.02"]
[Round "1"]
[White "b-spot"]
[Black "raimundo"]
[Result "0-1"]
[WhiteElo "1731"]
[BlackElo "1796"]
[Opening "QGD Slav: Wiesbaden variation"]
[ECO "D17"]
[Time "19:04:33"]
[TimeControl "2700+45"]

1. d4 d5 2. c4 c6 3. Nf3 Nf6 4. Nc3 dxc4 5. a4 Bf5 6. Ne5 e6 7. f3 h6 8. e4 Bh7
9. Bxc4 Be7 10. Be3 Nbd7 11. Qb3 Qb6 12. Nxd7 Nxd7 13. Ke2 O-O 14. Bxe6 fxe6 15.
Qxe6+ Rf7 16. Qxd7 Qxb2+ 17. Bd2 Bg5 {White resigns} 0-1

[Event "Team 45 45 League T41"]
[Site "Internet Chess Club"]
[Date "2009.05.09"]
[Round "1"]
[White "pawn111"]
[Black "mfeatherston"]
[Result "0-1"]
[WhiteElo "1844"]
[BlackElo "1881"]
[Opening "Sicilian: Hungarian variation"]
[ECO "B27"]
[Time "09:13:07"]
[TimeControl "2700+45"]

1. e4 c5 2. Nf3 g6 3. d4 cxd4 4. Qxd4 Nf6 5. Bc4 Nc6 6. Qd3 Bg7 7. Nc3 O-O 8.
O-O d6 9. Bf4 Bg4 10. h3 Nb4 11. Qe2 Bxf3 12. gxf3 Qd7 13. Kh2 a6 14. Rad1 Nh5
15. Bg3 Rac8 16. e5 Qf5 17. exd6 Nf4 18. Bxf4 Qxf4+ 19. Kh1 Be5 20. Qxe5 Qxe5
21. Rfe1 Qf4 {White resigns} 0-1

[Event "Team 45 45 League T41"]
[Site "Internet Chess Club"]
[Date "2009.05.01"]
[Round "1"]
[White "BigC"]
[Black "Ickabod"]
[Result "1-0"]
[WhiteElo "1877"]
[BlackElo "1865"]
[Opening "Philidor: Hanham, Schlechter variation"]
[ECO "B07"]
[Time "10:15:05"]
[TimeControl "2700+45"]

1. e4 d6 2. d4 c6 3. Nc3 Nd7 4. Nf3 e5 5. Bc4 Be7 6. O-O Ngf6 7. dxe5 dxe5 8.
Qe2 O-O 9. Rd1 Qc7 10. a4 a6 11. Be3 h6 12. Nh4 Nc5 13. Ng6 Ncxe4 14. Nxe4 Nxe4
15. Bb6 Qxb6 16. Nxe7+ Kh8 17. Nxc8 Raxc8 18. Qxe4 Qc5 19. Bb3 f5 20. Qc4 Qe7
21. Qe6 Qc5 22. Qd6 Qxd6 23. Rxd6 Rcd8 24. Rad1 Rxd6 25. Rxd6 Rf6 26. Rxf6 gxf6
27. Be6 f4 28. Bc8 b6 29. Bxa6 c5 30. Kf1 Kg7 31. Ke2 Kf7 32. Kf3 Ke6 33. Bc4+
Kf5 34. Bd3+ Kg5 35. g4 fxg3 36. hxg3 f5 37. Ke3 h5 38. Bxf5 Kxf5 39. b3 e4 40.
c3 Ke5 41. b4 Kd5 42. bxc5 Kxc5 43. Kxe4 Kc4 44. f4 Kxc3 45. f5 Kb4 46. f6 Kxa4
47. f7 b5 48. f8=Q b4 49. Qe8+ Ka3 50. Qxh5 b3 51. Qa5+ Kb2 52. g4 Kb1 53. g5 b2
54. g6 Kc1 55. Qc3+ Kb1 56. g7 {Black resigns} 1-0

[Event "Team 45 45 League T41"]
[Site "Internet Chess Club"]
[Date "2009.05.04"]
[Round "1"]
[White "MOchess-boy"]
[Black "Philly-Boy"]
[Result "1-0"]
[WhiteElo "1788"]
[BlackElo "1805"]
[Opening "QGD: Chigorin defense"]
[ECO "D07"]
[Time "18:01:37"]
[TimeControl "2700+45"]

1. d4 d5 2. c4 Nc6 3. Nf3 Bg4 4. cxd5 Bxf3 5. dxc6 Bxc6 6. Nc3 e6 7. e4 Nf6 8.
f3 Nh5 9. Be3 Be7 10. e5 Bg5 11. Qd2 Bxe3 12. Qxe3 Qh4+ 13. Qf2 Qxf2+ 14. Kxf2
Nf4 15. g3 Nd5 16. Nxd5 Bxd5 17. Rc1 c6 18. a3 Rd8 19. Ke3 Ke7 20. Bd3 h6 21. b4
Rd7 22. Rhd1 Bb3 23. Rd2 Rhd8 24. Rc3 Ba4 25. Bc4 g5 26. Rcd3 a6 27. f4 Bb5 28.
Bxb5 axb5 29. Ke4 g4 30. f5 exf5+ 31. Kxf5 Rg8 32. d5 Rg5+ 33. Kf4 Rg6 34. dxc6
Rxd3 35. Rxd3 bxc6 36. Rd2 Re6 37. Re2 Rg6 38. Re4 Rg5 39. Rd4 Rg6 40. Rd3 h5
41. Kf5 Re6 42. Rd4 f6 43. Re4 Kf7 44. exf6 Rxf6+ 45. Kg5 Rf3 46. Rf4+ Ke6 47.
Kxh5 Rxf4 48. gxf4 Kf5 49. Kh4 Kxf4 50. Kh5 Kf5 51. Kh6 Kf4 52. Kg6 Ke4 53. Kg5
Kf3 54. Kf5 {Black resigns} 1-0

[Event "Team 45 45 League T41"]
[Site "Internet Chess Club"]
[Date "2009.04.30"]
[Round "1"]
[White "PJ"]
[Black "MRX"]
[Result "1/2-1/2"]
[WhiteElo "1746"]
[BlackElo "1697"]
[Opening "Ruy Lopez: closed, 7...O-O"]
[ECO "C88"]
[Time "13:18:17"]
[TimeControl "2700+45"]

1. e4 e5 2. Nf3 Nc6 3. Bb5 a6 4. Ba4 Nf6 5. O-O b5 6. Bb3 Be7 7. Re1 O-O 8. h3
Bb7 9. c3 d5 10. exd5 Nxd5 11. d4 exd4 12. cxd4 Bf6 13. Bxd5 Qxd5 14. Nc3 Qf5
15. a3 Rad8 16. Be3 Nxd4 17. Nxd4 Bxd4 18. Bxd4 c5 19. Ne2 cxd4 20. Qd2 Qd5 21.
Nf4 Qd6 22. Rad1 Rfe8 23. Rxe8+ Rxe8 24. Qxd4 Qc6 {Game drawn by mutual
agreement} 1/2-1/2

[Event "Team 45 45 League T41"]
[Site "Internet Chess Club"]
[Date "2009.05.01"]
[Round "1"]
[White "viking99"]
[Black "room-matt"]
[Result "0-1"]
[WhiteElo "1820"]
[BlackElo "1782"]
[Opening "Ruy Lopez: Berlin defense, open variation"]
[ECO "C67"]
[Time "15:01:29"]
[TimeControl "2700+45"]

1. e4 e5 2. Nf3 Nc6 3. Bb5 Nf6 4. O-O Nxe4 5. d4 Nd6 6. Bxc6 dxc6 7. dxe5 Ne4 8.
Qxd8+ Kxd8 9. Re1 Bf5 10. Nh4 g6 11. Nxf5 gxf5 12. Be3 Bc5 13. f3 Bxe3+ 14. Rxe3
Nc5 15. Nd2 Ke7 16. b4 Nd7 17. f4 Rad8 18. Rae1 Nb6 19. Rd3 h5 20. g3 Rhg8 21.
Nf3 Rxd3 22. cxd3 Nd5 23. Ng5 Nxb4 24. Rb1 a5 25. a3 Nxd3 26. Rxb7 Kd7 27. Nxf7
Nxf4 28. Kf2 Nd5 29. h4 Ke6 30. Ng5+ Kxe5 31. Ra7 Rb8 32. Rxa5 Rb2+ 33. Kf3 Rb3+
34. Kf2 Rc3 35. Nf3+ Kd6 36. Nd4 Ke5 37. Nf3+ Kf6 38. Nd4 c5 39. Ra6+ Ke5 40.
Nf3+ Ke4 41. Ra4+ Kd3 42. Ne5+ Kc2 43. Ra8 Kb2 44. a4 f4 45. g4 hxg4 46. Nxg4
Rh3 47. a5 Rxh4 48. Ne5 Rh3 49. Rb8+ Ka2 50. Rb5 Rc3 51. Nd7 Ne3 52. Rxc5 Ng4+
53. Kf1 Ra3 54. Rxc7 Rxa5 55. Rc4 Ne3+ 56. Kf2 Nxc4 57. Kf3 Rf5 58. Nb8 Nd2+ 59.
Kf2 f3 60. Nc6 Ne4+ 61. Kf1 f2 62. Nb4+ Kb3 63. Nd3 Nd2+ {White resigns} 0-1

[Event "Team 45 45 League T41"]
[Site "Internet Chess Club"]
[Date "2009.05.04"]
[Round "1"]
[White "ChessyNessy"]
[Black "Marichan"]
[Result "1-0"]
[WhiteElo "1912"]
[BlackElo "1885"]
[Opening "Pirc: Austrian attack, dragon formation"]
[ECO "B09"]
[Time "19:00:29"]
[TimeControl "2700+45"]

1. e4 d6 2. d4 Nf6 3. Nc3 g6 4. f4 Bg7 5. Nf3 c5 6. dxc5 Qa5 7. Bd3 Qxc5 8. Qe2
Bg4 9. Be3 Qa5 10. O-O O-O 11. h3 Bxf3 12. Qxf3 Nc6 13. a3 Nd7 14. Rab1 a6 15.
g4 e6 16. Kg2 b5 17. b4 Qc7 18. Ne2 Ne7 19. h4 f5 20. gxf5 exf5 21. exf5 Nxf5
22. Bxf5 gxf5 23. Nd4 Bxd4 24. Bxd4 Qxc2+ 25. Kh3 Qc4 26. Rg1+ Kf7 27. Rg7+ Ke6
28. Qe3+ Kd5 29. Rd1 Rae8 30. Be5+ Kc6 31. Rxd6+ {Black resigns} 1-0

[Event "Team 45 45 League T41"]
[Site "Internet Chess Club"]
[Date "2009.05.03"]
[Round "1"]
[White "Kingofknights"]
[Black "Konstantinos"]
[Result "1/2-1/2"]
[WhiteElo "1701"]
[BlackElo "1712"]
[Opening "QGD semi-Slav: 5.e3"]
[ECO "D45"]
[Time "09:30:09"]
[TimeControl "2700+45"]

1. d4 d5 2. c4 c6 3. Nf3 Nf6 4. Nc3 e6 5. e3 Be7 6. Bd3 b6 7. O-O Ba6 8. b3 c5
9. Re1 O-O 10. Nb5 Bxb5 11. cxb5 Nbd7 12. a4 Rc8 13. Qe2 cxd4 14. Nxd4 Nb8 15.
Bb2 Bc5 16. Rac1 Bxd4 17. Bxd4 Nbd7 18. Qb2 Qe7 19. f4 Rfe8 20. b4 Qf8 21. Rc6
Nb8 22. Rec1 Nxc6 23. bxc6 Qd6 24. Be5 Qe7 25. Ba6 Ng4 26. Bxc8 Rxc8 27. b5 Nxe3
28. Bxg7 Nc4 29. Qd4 Qh4 30. Bf6 Qh5 31. Bh8 Kf8 32. h3 Qg6 33. Rxc4 dxc4 34.
Qd7 Re8 35. c7 f6 36. c8=Q Rxc8 37. Qxc8+ Kf7 38. Qd7+ Kg8 39. Qxe6+ Kxh8 40.
Qxc4 Qf5 41. g4 Qd7 42. Kf2 Qd2+ 43. Kg3 Qe3+ 44. Kg2 Qd2+ 45. Kf3 Qd7 46. Qc3
Kg7 47. Qe3 Qd1+ 48. Kg3 Qxa4 49. Qe7+ Kg8 50. Qxf6 Qxb5 51. Qd8+ Kf7 52. Qc7+
Kg6 53. f5+ Kf6 54. Qd6+ Kf7 55. Qe6+ Kf8 56. f6 Qe8 57. Qd6+ Kf7 58. Qc7+ Kxf6
59. Qxh7 Qe3+ 60. Kg2 Qe2+ 61. Kg3 Qe3+ 62. Kh4 Qg5+ 63. Kg3 Qe3+ {Game drawn by
repetition} 1/2-1/2